 Dungeon Crawl Stone Soup version 0.29-a0-106-g0a07039d5a (webtiles) character file.

Game seed: 5277394868091115587

654 kae the Ruffian (level 7, -5/56 HPs)
             Began as a White Draconian Transmuter on Feb 16, 2022.
             Killed from afar by Dowan (24 damage)
             ... with a shard of ice
             ... on level 4 of the Dungeon.
             The game lasted 00:02:14 (2756 turns).

kae the Ruffian (White Draconian Transmuter)        Turns: 2756, Time: 00:02:15

Health: -5/56      AC:  2    Str: 13    XL:     7   Next: 29%
Magic:  9/11       EV: 24    Int: 15    God:
Gold:   89         SH:  0    Dex: 16    Spells: 4/12 levels left

rFire   . . .      SeeInvis .     - Unarmed
rCold   . . .      Faith    .   (shield currently unavailable)
rNeg    . . .      Spirit   .   (armour unavailable)
rPois   x          Reflect  .   (helmet currently unavailable)
rElec   .          Harm     .   (cloak currently unavailable)
rCorr   .          Rampage  .   (gloves currently unavailable)
Will    .....                   (boots currently unavailable)
Stlth   +.........              (no amulet)
HPRegen 0.18/turn               b - +4 ring of evasion
MPRegen 0.12/turn               (no ring)

@: spider-form (expiring)
A: venomous fangs, (breathe frost), AC +6, tiny, unfitting armour, (cold
resistance 1), (cold-blooded)
a: End Transformation


You were on level 4 of the Dungeon.
You were a venomous arachnid creature.
You visited 1 branch of the dungeon, and saw 4 of its levels.

You collected 128 gold pieces.
You spent 39 gold pieces at shops.

Inventory:

Missiles
 l - a throwing net
Jewellery
 b - a +4 ring of evasion (left front leg)
 i - an amulet of the acrobat
Wands
 h - a wand of digging (3)
 k - a wand of polymorph (3)
Scrolls
 c - 3 scrolls of identify
 j - a scroll of teleportation
Potions
 a - a potion of curing
 d - 3 potions of heal wounds
 e - a potion of mutation
 f - a potion of haste
 g - a potion of lignification


   Skills:
 + Level 2.9 Fighting
 + Level 3.0 Dodging
 * Level 4.9 Unarmed Combat
 + Level 3.1 Spellcasting
 * Level 4.2 Transmutations
 * Level 2.4 Ice Magic
 - Level 2.0 Poison Magic


You had 4 spell levels left.
You knew the following spells:

 Your Spells              Type           Power      Damage    Failure   Level
a - Beastly Appendage     Tmut           30%        N/A       12%         1
b - Spider Form           Tmut/Pois      11%        N/A       34%         3
c - Ice Form              Ice/Tmut       12%        N/A       67%         4

Your spell library contained the following spells:

 Spells                   Type           Power      Damage    Failure   Level
 Wereblood                Tmut           15%        N/A       16%         2
 Slow                     Hex            8%         N/A       41%         1
 Confusing Touch          Hex            2%         N/A       73%         3
 Vampiric Draining        Necr           2%         2d6       73%         3


Dungeon Overview and Level Annotations

Branches:
Dungeon (4/15)
 Temple: D:4-7

Altars:
Fedhas
Makhleb
The Shining One

Shops:
D:4 *

Annotations:
D:4 Dowan


Innate Abilities, Weirdness & Mutations

You are a venomous arachnid creature.
You have poisonous fangs.
You are tiny and dextrous.
Your spellcasting is less reliable in this form.
Your armour is entirely melded.
You are incapable of wielding weapons or throwing items.
((You can breathe waves of freezing cold which knock back foes.))
((Your icy white scales are hard. (AC +6)))
You cannot fit into any form of body armour.
((Your flesh is cold resistant. (rC+)))
((You are cold-blooded and may be slowed by cold attacks.))


Message History

You hit Duvessa.
Duvessa looks as sick as possible!
Duvessa is moderately wounded.
Duvessa misses you. Dowan hits you with a +0 dagger.
Duvessa hits you with a +0 short sword!
You are too injured to fight recklessly!
You are too injured to fight recklessly!
You are too injured to fight recklessly!
You are too injured to fight recklessly!
You are too injured to fight recklessly!
You are too injured to fight recklessly!
You hit Duvessa.
Duvessa looks as sick as possible!
Duvessa is moderately wounded.
Duvessa hits you with a +0 short sword. Dowan hits you but does no damage.
You hit Duvessa.
Duvessa is heavily wounded.
Duvessa barely misses you.
You hit Duvessa.
Duvessa looks as sick as possible!
Duvessa is almost dead.
Duvessa hits you with a +0 short sword. Dowan hits you with a +0 dagger.
Duvessa closely misses you.
You hit Duvessa but do no damage.
Duvessa is almost dead.
You kill Duvessa!
Dowan screams, "No!
Oh no!"
Dowan seems to find hidden reserves of power!
Dowan closely misses you. Dowan completely misses you.
Your Dodging skill increases to level 3!
You hit Dowan.
Dowan is poisoned.
Dowan is lightly wounded.
Dowan gestures at you while chanting. The stone arrow misses you.
You hit Dowan.
Dowan looks as sick as possible!
Dowan is moderately wounded.
Your transformation is almost over.
Dowan drinks a potion.
Dowan is healed!
Dowan hits you with a +0 dagger.
You bite Dowan!
Dowan looks as sick as possible!
Dowan is heavily wounded.
Dowan casts a spell at you. The shard of ice hits you!!
You die...

*,,,,,,,,*,,#...#####....####.##.
*,,,,,,,,*,,#...# #.##.# #.##.
+,,,,,,,,*,,#...#***####.# #.##.
*,,,,,,,,*,,#...##,,,,,..#**#.###
,,,,,,,,,*,,#....#,****###*,,,,,.
*,,,,*****,,#....#,*### *,,,*#.
*,_,,,,,,,,,#....#,...# *,,,**,
*,,,,##+#####...)#....# ******,
****,...........se....#****** **
,,,,,...........##......,,,,*
,,,,,.........###**.....,,,,*
***,,.######### *,$...,,,,*
***,,,* ******,,.:.,,,,* ,,,,,,*
*,,,,,,,,..,,,,* ,,,,,,*
*,,,,,,,,*#******* *,,,,,*
*,,,,,,,,**,,**,,* *******
*,,,,,,,,**,,**,,***


You could see Dowan (fast, extremely poisoned).

Vanquished Creatures
  Sigmund (D:2)
  Duvessa (D:4)
  A necrophage (D:3)
  2 orc priests (D:2)
  Jessica (D:3)
  Natasha (thrice) (D:3)
  An orc wizard (D:2)
  An adder (D:2)
  4 gnolls (D:3)
  A worm (D:2)
  A dart slug (D:1)
  7 orcs
  7 bats
  An endoplasm (D:1)
  4 giant cockroaches
  4 goblins
  4 hobgoblins
  4 jackals (D:1)
  7 quokkas
  4 ball pythons
  3 frilled lizards
  2 kobolds (D:1)
  8 rats
72 creatures vanquished.

Notes
Turn   | Place    | Note
-------+----------+-------------------------------------------
     0 | D:1      | kae the Draconian Transmuter began the quest for the Orb.
     0 | D:1      | Reached XP level 1. HP: 16/16 MP: 3/3
   127 | D:1      | Reached XP level 2. HP: 23/23 MP: 5/5
   445 | D:1      | Reached XP level 3. HP: 25/28 MP: 4/6
   449 | D:1      | Learned a level 3 spell: Spider Form
   942 | D:2      | Reached XP level 4. HP: 29/35 MP: 5/7
  1088 | D:2      | Reached skill level 1 in Poison Magic
  1197 | D:2      | Noticed Sigmund
  1211 | D:2      | Killed Sigmund
  1212 | D:2      | Reached XP level 5. HP: 25/41 MP: 5/8
  1453 | D:2      | Reached XP level 6. HP: 21/49 MP: 3/10
  1649 | D:2      | Learned a level 4 spell: Ice Form
  1717 | D:3      | Noticed Jessica
  1724 | D:3      | Killed Jessica
  1738 | D:3      | Noticed Natasha
  1744 | D:3      | Killed Natasha
  1883 | D:3      | Found a glowing golden altar of the Shining One.
  1892 | D:3      | Found a burning altar of Makhleb.
  1939 | D:3      | Noticed Natasha
  1947 | D:3      | Killed Natasha
  2108 | D:3      | Reached skill level 1 in Ice Magic
  2214 | D:3      | Found a blossoming altar of Fedhas.
  2257 | D:3      | Your scales start taking on an icy white colour.
  2257 | D:3      | Reached XP level 7. HP: 56/56 MP: 8/11
  2257 | D:3      | Gained mutation: Your flesh is cold resistant. (rC+) [White
                  | Draconian growth]
  2341 | D:3      | Noticed Natasha
  2356 | D:3      | Killed Natasha
  2597 | D:3      | Found a faded altar of an unknown god.
  2597 | D:3      | Noticed a red devil
  2643 | D:4      | Found Keydirr's General Store.
  2648 | D:4      | Bought a potion of lignification for 39 gold pieces
  2743 | D:4      | Noticed Duvessa
  2744 | D:4      | Noticed Dowan
  2753 | D:4      | Killed Duvessa
  2756 | D:4      | Killed from afar by Dowan

Illustrated notes

Levels and vault maps discovered:
D:1:      evilmike_arrival_home_sweet_home, layout_rooms
D:2:      cheibrodos_pilgrimage, layout_rooms, uniq_sigmund
D:3:      layout_rooms, fedhas_altar_1, mainiacjoe_overflow_swirl,
          dreamdust_ecumenical_altar_sealed_demon, minmay_misc_feat_chi,
          minivault_24, uniq_jessica, uniq_natasha
D:4:      minmay_chambers_of_fours, layout_basic, mainiacjoe_overflow_chevrons,
          serial_shops, nicolae_stop_n_shop_2, uniq_duvessa

Skill      XL: |  1  2  3  4  5  6  7 |
---------------+----------------------+-----
Dodging        | 2 3 |  3.0
Poison Magic   | 2 |  2.0
Fighting       | 2 |  2.9
Unarmed Combat | 4 |  4.9
Transmutations | 3 4 |  4.2
Ice Magic      | 1 2 |  2.4
Spellcasting   | 3 |  3.1

Action                   |  1- 3 |  4- 6 |  7- 9 || total
-------------------------+-------+-------+-------++-------
Melee: Unarmed           |    86 |   117 |    31 ||   234
       Tailslap          |     6 |     6 |       ||    12
       Kick              |    16 |     5 |       ||    21
       Headbutt          |     7 |     5 |       ||    12
       Punch             |     1 |       |       ||     1
 Cast: Beastly Appendage |    17 |     5 |       ||    22
       Spider Form       |       |     9 |     3 ||    12
  Use: Scroll            |     3 |     3 |     2 ||     8
Armor: Skin              |    22 |    18 |     1 ||    41
Dodge: Dodged            |    99 |   104 |    24 ||   227

Table legend: (Time is in decaauts)
 A = Elapsed time spent in this place.
 B = Non-inter-level travel time spent in this place.
 C = Inter-level travel time spent in this place.
 D = Time resting spent in this place.
 E = Time spent auto-exploring this place.
 F = Levels seen in this place.
 G = Mean time per level.
                   A        B        C        D        E       F      G
               +--------+--------+--------+--------+--------+-----+--------+
         Total |   2740 |   2630 |    110 |    137 |   1922 |   4 |  685.0 |
       Dungeon |   2740 |   2630 |    110 |    137 |   1922 |   4 |  685.0 |
               +--------+--------+--------+--------+--------+-----+--------+

Top non-repeatable levels by time:
     D:3: 922 daAuts
     D:1: 906 daAuts
     D:2: 800 daAuts
     D:4: 111 daAuts
